 Dungeon Crawl Stone Soup version 0.22-a0-430-g6609fc6 (webtiles) character file.

103 Gorglomux the Sneak (level 4, -1/24 HPs)
             Began as a Spriggan Berserker on May 27, 2018.
             Was an Initiate of Gozag.
             Slain by a polar bear (16 damage)
             ... created by the rage of Trog
             ... on level 3 of the Dungeon.
             The game lasted 00:05:52 (2300 turns).

Gorglomux the Sneak (Spriggan Berserker)            Turns: 2300, Time: 00:05:56

Health: -1/24      AC:  2    Str: 12 (13) XL:     4   Next: 51%
Magic:  14/14      EV: 20    Int:  8      God:    Gozag
Gold:   149        SH:  0    Dex: 16      Spells: 3/3 levels left

rFire    . . .     SeeInvis +   a - +0 short sword
rCold    . . .     Gourm    .   (shield restricted)
rNeg     . . .     Faith    .   i - +0 animal skin
rPois    .         Spirit   .   (helmet restricted)
rElec    .         Reflect  .   (no cloak)
rCorr    .         Harm     .   (gloves unavailable)
MR       .....                  (boots unavailable)
Stlth    +++.......             (no amulet)
HPRegen  0.08/turn              m - ring of magical power
MPRegen  0.14/turn              (no ring)

@: gold aura, slowed, quick
A: very small, unfitting armour, see invisible, herbivore, speed 3, slow
metabolism 2
a: Potion Petition, Call Merchant, Bribe Branch, Renounce Religion


You were on level 3 of the Dungeon.
You worshipped Gozag.
Gozag was aware of your devotion.
You were not hungry.

You visited 1 branch of the dungeon, and saw 4 of its levels.

You collected 191 gold pieces.
You paid 42 gold pieces to Gozag.

Inventory:

Hand Weapons
 a - a +0 short sword (weapon)
 b - a +0 hunting sling
Missiles
 d - 8 poisoned needles
 h - 50 stones (quivered)
Armour
 i - a +0 animal skin (worn)
Jewellery
 m - a ring of magical power (left hand)
Wands
 U - a wand of flame (18)
Scrolls
 f - a scroll of immolation {unknown}
 p - a scroll of blinking {unknown}
 R - 3 scrolls of identify
 T - 2 scrolls of teleportation
 V - a scroll of remove curse {unknown}
Potions
 e - a potion of heal wounds {unknown}
 j - a potion of resistance {unknown}
 l - 2 potions of degeneration {unknown}
 n - a potion of brilliance {unknown}
 o - a potion of lignification {unknown}
Comestibles
 c - 5 rations


   Skills:
 + Level 3.4 Fighting
 - Level 3.2 Short Blades
 - Level 4.4 Dodging
 - Level 5.0 Stealth


You had 3 spell levels left.
You didn't know any spells.
Your spell library was empty.

Dungeon Overview and Level Annotations

Branches:
Dungeon (4/15)
 Temple: D:4-7

Altars:
Gozag
Wu Jian


Innate Abilities, Weirdness & Mutations

You are very small and have problems with some larger weapons.
You are too small for most types of armour.
You have supernaturally acute eyesight. (SInv)
You are a herbivore.
You cover ground extremely quickly.
You need to consume almost no food.


Message History

The orc wizard gestures at you while chanting!
The puff of flame misses you!
There is a stone staircase leading up here!
a - a +0 short sword (weapon)
The orc closely misses you! The orc closely misses you!
You climb upwards!
The polar bear growls angrily!
The polar bear misses you! The polar bear barely misses you!
The polar bear misses you!
The polar bear growls angrily!
There is a stone staircase leading down here!
The polar butt growls angrily!
The polar bear growls angrily!
You perforate the orc like a sieve!
You annihilate the orc!!!
The polar bear misses you! x2; The polar bear claws you!
The polar bear bites you!!!
DANG rip Your body crumbles into a pile of gold!

.# #....##### #...$. .#
#......h.# #....< .#
###....#.# #..... .#
#.'....# #..... .#
#.#....# #..... .#
#h#....######### ###.....
.# #.#<.h.#..h.hh..
........ .#####
#h#......h..############.
)....#
#h#....$@h..+$..........#
####.#
#.#.###.....###########.#
#.# #.#..#.....## #>.
####.# #.#..#.##### ##.
.....# #.##.#.# #. ######
#...(#.# #.
##############.# ######'
...............# #......
################ #......


You could see 6 polar bears.

Vanquished Creatures
  4 adders
  A worm (D:2)
  2 dart slugs
  2 leopard geckos (D:1)
  An orc (D:3)
  2 giant cockroaches
  3 hobgoblins
  2 jackals (D:1)
  6 kobolds
  2 quokkas
  2 ball pythons
  7 bats
  5 frilled lizards
  12 goblins
  9 rats
60 creatures vanquished.

Notes
Turn   | Place    | Note
-------+----------+-------------------------------------------
     0 | D:1      | Gorglomux the Spriggan Berserker began the quest for the Orb.
     0 | D:1      | Reached XP level 1. HP: 11/11 MP: 2/2
     0 | D:1      | Fell from the grace of Trog
    75 | D:1      | Reached skill level 1 in Stealth
   118 | D:1      | Reached skill level 2 in Stealth
   180 | D:1      | Reached XP level 2. HP: 12/16 MP: 3/3
   183 | D:1      | Reached skill level 3 in Stealth
   313 | D:1      | Reached skill level 4 in Stealth
   557 | D:2      | Reached XP level 3. HP: 19/19 MP: 4/4
   903 | D:2      | Reached skill level 5 in Stealth
  1054 | D:3      | Found an opulent altar of Gozag.
  1061 | D:3      | Became a worshipper of Gozag Ym Sagoz the Greedy
  1124 | D:3      | Found an ornate altar of the Wu Jian Council.
  1128 | D:3      | Reached XP level 4. HP: 20/23 MP: 5/5
  1151 | D:2      | Reached skill level 3 in Fighting
  1932 | D:3      | Noticed a polar bear
  1932 | D:3      | Noticed a polar bear
  1932 | D:3      | Noticed a polar bear
  1932 | D:3      | Noticed a polar bear
  1932 | D:3      | Noticed a polar bear
  2009 | D:3      | Noticed a polar bear
  2009 | D:3      | Noticed a polar bear
  2009 | D:3      | Noticed a polar bear
  2009 | D:3      | Noticed a polar bear
  2009 | D:3      | Noticed a polar bear
  2300 | D:3      | Slain by a polar bear

Vault maps used:
D:1:      scummos_arrival_gate
D:3:      lemuel_doored_altar, first_ration, grunt_gozag_statues
D:4:      wad_crossroads, minmay_stone_trees_large

Skill      XL: |  1  2  3  4 |
---------------+-------------+-----
Stealth        | 2 4 5 |  5.0
Fighting       | 3 |  3.4
Short Blades   | |  3.2
Dodging        | |  4.4

Action                   |  1- 3 |  4- 6 || total
-------------------------+-------+-------++-------
Melee: Short sword       |   120 |    33 ||   153
 Fire: Hunting sling     |    15 |    44 ||    59
Throw: Stone             |       |     1 ||     1
Invok: Renounce Religion |     1 |       ||     1
       Potion Petition   |       |     1 ||     1
  Use: Scroll            |       |     1 ||     1
 Stab: Sleeping          |     7 |     2 ||     9
       Distracted        |     1 |       ||     1
Armor: Animal skin       |    12 |     8 ||    20
Dodge: Dodged            |   122 |    90 ||   212

Table legend:
 A = Spawn XP
 B = Non-spawn XP
 C = Spawn XP percentage of total XP
 D = Spawn monster count
 E = Non-spawn monster count
 F = Spawn count percentage of total count
 G = Total turns spent on level
                    A         B        C        D         E        F      G
               +---------+---------+-------+---------+---------+-------+---------
         Total |       0 |     148 |   0.0 |       0 |      60 |   0.0 |  2300
               +---------+---------+-------+---------+---------+-------+---------
           D:1 |       0 |      48 |   0.0 |       0 |      28 |   0.0 |   691
           D:2 |       0 |      51 |   0.0 |       0 |      16 |   0.0 |   948
           D:3 |       0 |      47 |   0.0 |       0 |      15 |   0.0 |   547
           D:4 |       0 |       2 |   0.0 |       0 |       1 |   0.0 |   114
               +---------+---------+-------+---------+---------+-------+---------
